 Dungeon Crawl Stone Soup version 0.30-a0-840-ga523dec638 (webtiles) character file.

Game seed: 1293295738809198607

88 bjtr the Digger (level 4, 0/24 HPs)
             Began as a Gargoyle Earth Elementalist on Mar 1, 2023.
             Slain by a gnoll
             ... wielding a +0 flail
              (6 damage)
             ... on level 3 of the Dungeon on Mar 2, 2023.
             The game lasted 00:08:07 (2204 turns).

bjtr the Digger (Gargoyle Earth Elementalist)       Turns: 2204, Time: 00:08:07

Health: 0/24       AC:  6    Str: 11    XL:     4   Next: 54%
Magic:  0/8        EV: 11    Int: 18    God:
Gold:   79         SH:  3    Dex: 10    Spells: 2/8 levels left

rFire   . . .      SeeInvis .    p - +0 short sword
rCold   . . .      Faith    .    k - +0 buckler
rNeg    + . .      Spirit   .    c - +0 leather armour
rPois   ∞          Reflect  .    (no helmet)
rElec   +          Harm     .    (no cloak)
rCorr   .          Rampage  .    (no gloves)
Will    .....                    (no boots)
Stlth   ++                       (no amulet)
HPRegen 0.24/turn                (no ring)
MPRegen 0.11/turn                (no ring)

@: no status effects
A: sickness immunity, AC +3, negative energy resistance 1, electricity
resistance, torment resistance 1, petrification resistance
a: no special abilities


You were on level 3 of the Dungeon.
You visited 1 branch of the dungeon, and saw 3 of its levels.

You collected 79 gold pieces.

Inventory:

Hand Weapons
 p - a +0 short sword (weapon)
 s - a +0 mace
Missiles
 l - 5 poisoned darts
 t - 3 javelins
Armour
 c - a +0 leather armour (worn)
 k - a +0 buckler (worn)
Jewellery
 m - a ring of fire
Scrolls
 a - a scroll of magic mapping {unknown}
 i - a scroll of fog
Potions
 b - a potion of magic
 d - 3 potions of flight
 f - a potion of brilliance {unknown}
 j - 3 potions of heal wounds
 o - a potion of attraction {unknown}
 q - a potion of resistance {unknown}
 r - 2 potions of berserk rage {unknown}


   Skills:
 + Level 1.6 Dodging
 + Level 2.4 Stealth
 * Level 0.1 Shields
 + Level 2.7 Spellcasting
 - Level 0.7 Transmutations
 * Level 5.4 Earth Magic


You had 2 spell levels left.
You knew the following spells:

 Your Spells              Type           Power      Damage    Failure   Level
a - Sandblast             Erth           44%        2d11      3%          1
b - Passwall              Tmut/Erth      10%        N/A       13%         2
c - Stone Arrow           Conj/Erth      24%        3d8       28%         3

Your spell library contained the following spells:

 Spells                   Type           Power      Damage    Failure   Level
 Sting                    Tmut/Pois      12%        1d3       26%         1
 Poisonous Vapours        Pois/Air       4%         N/A       41%         2
 Petrify                  Tmut/Erth      13%        N/A       63%         4
 Olgreb's Toxic Radiance  Pois           2%         N/A       96%         4


Dungeon Overview and Level Annotations

Branches:
Dungeon (3/15)

Altars:
Okawaru

Annotations:
D:3 Jessica, Terence


Innate Abilities, Weirdness & Mutations

You are immune to sickness and miasma.
Your stone body is resilient. (AC +3)
You are immune to poison.
You resist negative energy. (rN+)
You are resistant to electric shocks. (rElec)
You are resistant to unholy torment.
You are immune to petrification.


Message History

Confirm with . or Enter, or press ? or * to list all spells.
Aiming: Sandblast (safe; 3% risk of failure)
Press: ? - help, Shift-Dir - straight line, f - gnoll
Aim: a gnoll, wielding a +0 flail and wearing a +0 leather armour (85% to hit)
The blast of sand misses the gnoll.
The gnoll barely misses you.
Casting: Sandblast (safe; 3% risk of failure)
Confirm with . or Enter, or press ? or * to list all spells.
Aiming: Sandblast (safe; 3% risk of failure)
Press: ? - help, Shift-Dir - straight line, f/p - gnoll
Aim: a gnoll, wielding a +0 flail and wearing a +0 leather armour (85% to hit)
The blast of sand hits the gnoll.
The gnoll is moderately wounded.
You block the gnoll's attack.
You closely miss the gnoll.
The gnoll is moderately wounded.
The gnoll hits you with a +0 flail! The gnoll closely misses you.
Casting: Sandblast (safe; 3% risk of failure)
Confirm with . or Enter, or press ? or * to list all spells.
Aiming: Sandblast (safe; 3% risk of failure)
Press: ? - help, Shift-Dir - straight line, f/p - gnoll
Aim: a gnoll, wielding a +0 flail and wearing a +0 leather armour (lightly wounded, 85% to hit)
The blast of sand hits the gnoll.
The gnoll is severely wounded.
The gnoll hits you but does no damage.
Casting: Sandblast (safe; 3% risk of failure)
Confirm with . or Enter, or press ? or * to list all spells.
You don't have enough magic to cast this spell.
Unknown command.
You closely miss the gnoll.
The gnoll is severely wounded.
You block the gnoll's attack.
You hit the gnoll but do no damage.
The gnoll is severely wounded.
The gnoll barely misses you.
You hit the gnoll but do no damage.
The gnoll is severely wounded.
The gnoll hits you with a +0 flail!
* * * LOW HITPOINT WARNING * * *
The gnoll attacks as you move away! The gnoll hits you with a +0 flail.
You die...

### ..
#######.#
#...)<#.#
#...÷g@.#
#.#)#...# #
#.###.#
#...........#
#.#.##.######
#. .. ###


You could see a gnoll.

Vanquished Creatures
  3 gnolls (D:3)
  2 worms (D:3)
  3 dart slugs (D:1)
  An orc (D:3)
  2 ball pythons (D:1)
  2 endoplasms (D:1)
  A giant cockroach (D:1)
  5 goblins
  A hobgoblin (D:2)
  9 jackals
  2 quokkas
  4 bats (D:1)
  5 frilled lizards
  2 kobolds
  3 rats (D:1)
45 creatures vanquished.

Vanquished Creatures (others)
  A plant (D:3)
1 creature vanquished.

Grand Total: 46 creatures vanquished

Notes
Turn   | Place    | Note
-------+----------+-------------------------------------------
     0 | D:1      | bjtr the Gargoyle Earth Elementalist began the quest for
                  | the Orb.
     0 | D:1      | Reached XP level 1. HP: 10/10 MP: 3/3
   272 | D:1      | Reached skill level 4 in Earth Magic
   275 | D:1      | Reached XP level 2. HP: 15/15 MP: 0/5
   594 | D:1      | Found a faded altar of an unknown god.
   743 | D:1      | Reached XP level 3. HP: 19/19 MP: 6/6
   901 | D:1      | Learned a level 2 spell: Passwall
   905 | D:1      | Learned a level 3 spell: Stone Arrow
  1778 | D:2      | Found an iron altar of Okawaru.
  1826 | D:3      | Reached skill level 5 in Earth Magic
  1989 | D:3      | Reached XP level 4. HP: 24/24 MP: 5/7
  2039 | D:3      | Noticed Terence
  2040 | D:3      | Noticed Jessica
  2162 | D:2      | Upgraded the game from 0.30-a0-830-gfe289a77b0 to
                  | 0.30-a0-840-ga523dec638
  2204 | D:3      | Slain by a gnoll

Illustrated notes

Levels and vault maps discovered:
D:1:      co_arrival_square_in_a_square_in_a_square, layout_loops_corners,
          hellmonk_ecumenical_altar_defaced_shrine, minmay_crystal_room
D:2:      layout_basic, basic_altar
D:3:      cheibrodos_old_hovel, layout_basic,
          chequers_temple_overflow_statue_of_worship, uniq_jessica,
          uniq_terence, uniq_ijyb

Skill      XL: |  1  2  3 |
---------------+----------+-----
Earth Magic    | 4 5 |  5.4
Dodging        | |  1.6
Stealth        | |  2.4
Shields        | |  0.1
Spellcasting   | |  2.7
Transmutations | |  0.7

Action                     |  1- 3 |  4- 6 || total
---------------------------+-------+-------++-------
  Melee: Unarmed           |     1 |       ||     1
         Dagger            |     8 |       ||     8
         Short sword       |       |    10 ||    10
   Cast: Sandblast         |    51 |    11 ||    62
    Use: Scroll            |     8 |       ||     8
 Armour: Robe              |     7 |     2 ||     9
         Leather armour    |       |     5 ||     5
  Dodge: Dodged            |    23 |    10 ||    33
  Block: Buckler           |     1 |     2 ||     3

Table legend: (Time is in decaauts)
 A = Elapsed time spent in this place.
 B = Non-inter-level travel time spent in this place.
 C = Inter-level travel time spent in this place.
 D = Time resting spent in this place.
 E = Time spent auto-exploring this place.
 F = Levels seen in this place.
 G = Mean time per level.
                   A        B        C        D        E       F      G
               +--------+--------+--------+--------+--------+-----+--------+
         Total |   2235 |   2161 |     74 |    422 |   1313 |   3 |  745.0 |
       Dungeon |   2235 |   2161 |     74 |    422 |   1313 |   3 |  745.0 |
               +--------+--------+--------+--------+--------+-----+--------+

Top non-repeatable levels by time:
     D:1: 1455 daAuts
     D:2: 531 daAuts
     D:3: 248 daAuts
